 Dungeon Crawl Stone Soup version 0.31.0-12-g77e489cdc1 (webtiles) character file.

Game seed: 843824914796048745

274 Gadfly the Trooper (level 6, 0/65 HPs)
             Began as an Oni Berserker on Feb 23, 2024.
             Was a Believer of Trog.
             Slain by an orc
             ... wielding a +0 trident
              (6 damage)
             ... on level 3 of the Dungeon.
             The game lasted 00:03:18 (1666 turns).

Gadfly the Trooper (Oni Berserker)                  Turns: 1666, Time: 00:03:19

Health: 0/65       AC:  4    Str: 20 (22) XL:     6   Next: 24%
Magic:  6/6        EV: 10    Int:  5 (8)  God:    Trog [**....]
Gold:   135        SH:  0    Dex:  9 (10) Spells: 5/5 levels left

rFire   . . .        a - +1 mace (heavy)
rCold   . . .        (no shield)
rNeg    . . .        b - +1 animal skin
rPois   .            (helmet restricted)
rElec   .            (no cloak)
rCorr   .            (gloves unavailable)
SInv    .            (boots unavailable)
Will    .....        (no amulet)
Stlth   +            (no ring)
HPRegen 0.30/turn    (no ring)
MPRegen 0.10/turn

%: no passive effects
@: on berserk cooldown, attractive, slowed, very slow
A: large, unfitting armour, horns 1, tough skin 1, double potion healing,
drunken brawling
a: Renounce Religion, Berserk, Trog's Hand


You were on level 3 of the Dungeon.
You worshipped Trog.
Trog was pleased with you.
You visited 1 branch of the dungeon, and saw 3 of its levels.

You collected 135 gold pieces.

Inventory:

Hand Weapons
 a - a +1 heavy mace (weapon)
Armour
 b - a +1 animal skin (worn)
Jewellery
 d - an amulet of the acrobat
Scrolls
 c - a scroll of teleportation
 e - a scroll of poison {unknown}
 f - a scroll of brand weapon
Potions
 g - a potion of lignification
 i - a potion of invisibility {unknown}
 j - a potion of curing {unknown}
 m - a potion of degeneration


   Skills:
 + Level 4.9 Fighting
 + Level 3.8 Maces & Flails
 * Level 3.0 Armour
 - Level 2.6 Dodging
 * Level 2.7 Evocations


You had 5 spell levels left.
You didn't know any spells.
Your spell library was empty.

Dungeon Overview and Level Annotations

Branches:
Dungeon (3/15)

Altars:


Innate Abilities, Weirdness & Mutations

You are too large for most types of armour.
You have a pair of small horns on your head.
You have tough skin. (AC +1)
You gain doubled healing and magic from potions.
Whenever you drink a healing potion, you attack all around you.


Message History

The orc shouts!
You hit the adder.
You kill the adder!
Trog accepts your kill. The rat barely misses you.
The rat bites you but does no damage. The goblin hits you but does no damage.
The orc closely misses you. The orc hits you but does no damage.
The rat bites you but does no damage.
The rat twitches its whiskers.
The rat bites you but does no damage. The goblin misses you.
The rat attacks as it pursues you! The rat bites you but does no damage.
The rat attacks as it pursues you! The rat closely misses you.
The orc closely misses you. The rat barely misses you.
The goblin hits you with a +0 club. The rat bites you but does no damage.
The rat twitches its whiskers.
The orc hits you with a +0 club. The goblin closely misses you.
The orc hits you from afar with a +0 trident.
* * * LOW HITPOINT WARNING * * *
The orc closely misses you. The orc attacks as it pursues you!
The orc closely misses you. The rat bites you but does no damage.
There is an open door here.
The orc hits you with a +0 club.
* * * LOW HITPOINT WARNING * * *
The orc attacks as it pursues you! The orc completely misses you.
You sock the orc!
You kill the orc!
Trog accepts your kill. The orc barely misses you.
The goblin hits you but does no damage.
The orc hits you from afar with a +0 trident.
* * * LOW HITPOINT WARNING * * *
The goblin misses you. The orc misses you.
It was a potion of degeneration.
There was something very wrong with that liquid.
You feel weakened.
You feel dopey.
You feel clumsy. The goblin hits you with a +0 club.
* * * LOW HITPOINT WARNING * * *
The orc misses you. The goblin hits you but does no damage.
It was a potion of attraction.
You feel attractive to monsters.
The orc hits you from afar with a +0 trident.
You die...

#.# ##.##.#..
#.###..(......# #.#
#.##.#.#
#...+.......... #.#
#..#.#.#
#####.........#
#.#######.#(#.#
#####.....#
#.............#### #
......#
###########..†...###.#
..###... #
#.....#†..##.....## ..
... #
##.###...†.##......##
#..........##@......#
#...........g####.#.+
#..........#o####.###
#...........rr?.....#
#...................#
#...................#
#..............)......
............##.#.##.##
............##.#.# #


You could see an orc, a goblin and a rat.

Vanquished Creatures
  Grinder (D:3)
  Terence (D:3)
  3 adders
  An orc (D:3)
  2 endoplasms
  4 giant cockroaches
  6 goblins
  2 hobgoblins
  2 jackals (D:2)
  3 quokkas (D:1)
  5 ball pythons
  4 bats
  2 frilled lizards (D:1)
  5 kobolds
  4 rats
45 creatures vanquished.

Notes
Turn   | Place    | Note
-------+----------+-------------------------------------------
     0 | D:1      | Gadfly the Oni Berserker began the quest for the Orb.
     0 | D:1      | Reached XP level 1. HP: 24/24 MP: 1/1
   237 | D:1      | Reached XP level 2. HP: 32/32 MP: 2/2
   451 | D:1      | Found a faded altar of an unknown god.
   540 | D:1      | Reached skill level 1 in Armour
   687 | D:1      | Reached skill level 1 in Evocations
  1012 | D:2      | Reached XP level 3. HP: 36/39 MP: 3/3
  1130 | D:2      | Reached ** piety under Trog
  1487 | D:3      | Noticed Terence
  1495 | D:3      | Killed Terence
  1496 | D:3      | Reached XP level 4. HP: 28/48 MP: 4/4
  1641 | D:3      | Noticed Grinder
  1648 | D:3      | Killed Grinder
  1649 | D:3      | Reached XP level 5. HP: 55/55 MP: 5/5
  1649 | D:3      | Reached XP level 6. HP: 65/65 MP: 6/6
  1666 | D:3      | Slain by an orc

Illustrated notes

Levels and vault maps discovered:
D:1:      minmay_arrival_five_plusses, layout_loops_corners,
          hellmonk_ecumenical_altar_run_dry, minmay_tetromino_t2
D:2:      layout_basic
D:3:      layout_basic, minitemple, minmay_diced_spiral, uniq_terence,
          uniq_grinder

Skill      XL: |  1  2  3  4 |
---------------+-------------+-----
Armour         | 1 3 |  3.0
Evocations     | 1 2 |  2.7
Fighting       | |  4.9
Maces & Flails | |  3.8
Dodging        | |  2.6

Action                     |  1- 3 |  4- 6 || total
---------------------------+-------+-------++-------
  Melee: Mace              |    92 |    29 ||   121
         Headbutt          |     7 |     4 ||    11
 Invoke: Berserk           |       |     1 ||     1
    Use: Scroll            |     9 |       ||     9
         Potion            |     1 |     2 ||     3
   Stab: Sleeping          |     1 |       ||     1
 Armour: Animal skin       |    78 |    67 ||   145
  Dodge: Dodged            |    58 |    61 ||   119
